 Dungeon Crawl Stone Soup version 0.30-a0-373-gd37427bb62 (webtiles) character file.

Game seed: 13985427155160045060

437 Shayle the Chopper (level 6, 0/48 HPs)
             Began as a Demonspawn Reaver on Nov 23, 2022.
             Slain by an orc warrior
             ... wielding a +0 vorpal war axe
              (9 damage)
             ... on level 7 of the Dungeon.
             The game lasted 00:11:14 (3343 turns).

Shayle the Chopper (Demonspawn Reaver)              Turns: 3343, Time: 00:11:15

Health: 0/48       AC:  3    Str: 12    XL:     6   Next: 69%
Magic:  9/9        EV: 14    Int: 17    God:
Gold:   255        SH:  0    Dex: 11    Spells: 8/9 levels left

rFire   + . .      SeeInvis .    a - +0 hand axe
rCold   . . .      Faith    .    (no shield)
rNeg    . . .      Spirit   .    m - +0 leather armour {rF+}
rPois   .          Reflect  .    (no helmet)
rElec   .          Harm     .    (no cloak)
rCorr   .          Rampage  .    (no gloves)
Will    +....                    (no boots)
Stlth   ++........               (no amulet)
HPRegen 0.28/turn                j - ring of willpower
MPRegen 0.11/turn                (no ring)

@: brilliant, flying, invisible
A: repulsion field 1, demonic guardian 1, demonic touch 1
a: no special abilities


You were on level 7 of the Dungeon.
You visited 1 branch of the dungeon, and saw 5 of its levels.

You collected 255 gold pieces.

Inventory:

Hand Weapons
 a - a +0 hand axe (weapon)
 d - a +1 vorpal hand axe
Armour
 m - a +0 leather armour of fire resistance (worn)
 r - +0 steam dragon scales
Jewellery
 e - a ring of ice
 j - a ring of willpower (left hand)
Scrolls
 b - 2 scrolls of teleportation
 f - 4 scrolls of amnesia
 g - 2 scrolls of vulnerability
 i - 4 scrolls of identify {unknown}
 k - a scroll of poison {unknown}
 l - a scroll of blinking {unknown}
 n - a scroll of immolation {unknown}
 q - 2 scrolls of enchant weapon {unknown}
Potions
 o - a potion of curing
 p - a potion of flight


   Skills:
 + Level 3.9 Fighting
 + Level 4.1 Axes
 + Level 3.5 Dodging
 + Level 3.2 Stealth
 - Level 2.0 Spellcasting
 - Level 3.0 Conjurations


You had 8 spell levels left.
You knew the following spells:

 Your Spells              Type           Power      Damage    Failure   Level
a - Kiss of Death         Conj/Necr      40%        2d8       13%         1

Your spell library contained the following spells:

 Spells                   Type           Power      Damage    Failure   Level
 Momentum Strike          Conj/Tloc      20%        3d8       21%         2
 Apportation              Tloc           4%         N/A       24%         1
 Beastly Appendage        Tmut           4%         N/A       24%         1
 Necrotise                Necr           8%         1d4       24%         1
 Summon Small Mammal      Summ           8%         N/A       24%         1
 Wereblood                Tmut           2%         N/A       36%         2
 Hailstorm                Conj/Ice       10%        3d5       36%         3
 Gell's Gravitas          Tloc           2%         N/A       58%         3
 Ignite Poison            Fire/Tmut/Pois 2%         N/A       58%         3
 Kindle Blastsparks       Fire/Tloc/Air  4%         2d10      58%         3
 Lesser Beckoning         Tloc           4%         N/A       58%         3
 Spider Form              Tmut/Pois      2%         N/A       58%         3
 Teleport Other           Tloc           2%         N/A       58%         3
 Freezing Cloud           Conj/Ice/Air   3%         6-21      99%         5


Dungeon Overview and Level Annotations

Branches:
Dungeon (4/15)
 Temple: D:4-7

Altars:
Cheibriados
Nemelex Xobeh
Qazlal
Wu Jian


Innate Abilities, Weirdness & Mutations

You are surrounded by a mild repulsion field. (EV +2)
A weak demonic guardian rushes to your aid.
Your touch may inflict minor irresistible damage on your foes.


Message History

The orc wizard barely misses you.
The orc shouts!
You hit the orc wizard.
You touch the orc wizard.
You kill the orc wizard!
An orc warrior comes into view. It is wielding a +0 vorpal war axe.
You hit the orc.
The orc is moderately wounded.
The orc hits you with a +0 morningstar!
Unknown command.
You hit the orc.
The orc is almost dead.
The orc barely misses you.
You closely miss the orc.
You touch the orc.
You kill the orc!
Items here: )) [ ††.
Unknown command.
It was a potion of flight.
You feel very buoyant.
You fly up into the air.
The orc warrior barely misses you.
It was a potion of brilliance.
You feel clever all of a sudden. The orc warrior completely misses you.
It was a potion of invisibility.
You fade into invisibility!
The orc warrior hits you with a +0 vorpal war axe!
You closely miss the orc warrior.
You touch the orc warrior.
The orc warrior is moderately wounded.
The orc warrior closely misses you.
You hit the orc warrior but do no damage.
The orc warrior is moderately wounded.
The orc warrior closely misses you.
You hit the orc warrior but do no damage.
The orc warrior is moderately wounded.
The orc warrior hits you with a +0 vorpal war axe!
* * * LOW HITPOINT WARNING * * *
x2 A demonic guardian appears!
You closely miss the orc warrior.
You touch the orc warrior!
The orc warrior is heavily wounded.
The orc warrior hits you with a +0 vorpal war axe!
You die...

#...o......
#.........
#.......### ###
#.......#_# #_#
#.......#.## ##.#
#......#..# #..#
#o....#..###..#
#o#####...#...# #@#
#...#...# #.#
##.......## ###5#
##.........##
#...###...8...8...##
#..†##.............#
#...'...8...⌠...8.._
##..##.............#
######...8...8...##
##.........##


You could see an orc warrior (unable to see you, ally target), an orc (unable to
see you) and a friendly shadow imp (summoned).

Vanquished Creatures
  A steam dragon (D:7)
  A scorpion (D:4)
  2 iguanas (D:4)
  2 orc wizards
  5 adders
  2 dart slugs
  7 orcs
  9 ball pythons
  9 endoplasms
  A giant cockroach (D:4)
  6 goblins
  4 hobgoblins
  2 jackals (D:1)
  11 kobolds
  3 quokkas
  5 bats
  7 frilled lizards
  9 rats
86 creatures vanquished.

Vanquished Creatures (collateral kills)
  4 orcs (D:3)
  2 bats
  A giant cockroach (D:3)
  A ball python (D:3)
  2 kobolds
10 creatures vanquished.

Grand Total: 96 creatures vanquished

Notes
Turn   | Place    | Note
-------+----------+-------------------------------------------
     0 | D:1      | Shayle the Demonspawn Reaver began the quest for the Orb.
     0 | D:1      | Reached XP level 1. HP: 16/16 MP: 3/3
   151 | D:1      | Gained mutation: You are surrounded by a mild repulsion
                  | field. (EV +2) [demonic ancestry]
   151 | D:1      | Reached XP level 2. HP: 22/22 MP: 5/5
   440 | D:1      | Found a faded altar of an unknown god.
   565 | D:1      | Reached skill level 1 in Stealth
   672 | D:1      | Reached skill level 3 in Axes
   807 | D:2      | Gained mutation: A weak demonic guardian rushes to your
                  | aid. [demonic ancestry]
   807 | D:2      | Reached XP level 3. HP: 28/28 MP: 6/6
  2001 | D:2      | Reached XP level 4. HP: 18/34 MP: 7/7
  2419 | D:3      | Gained mutation: Your touch may inflict minor irresistible
                  | damage on your foes. [demonic ancestry]
  2419 | D:3      | Reached XP level 5. HP: 26/41 MP: 8/8
  3023 | D:4      | Reached XP level 6. HP: 8/47 MP: 9/9
  3029 | D:4      | HP: 2/47 [poisoned by a scorpion]
  3202 | D:4      | You fall into a shaft and drop 3 floors!
  3216 | D:7      | Noticed a steam dragon
  3228 | D:7      | Killed a steam dragon
  3229 | D:7      | Reached skill level 4 in Axes
  3295 | D:7      | Found a sparkling altar of Nemelex Xobeh.
  3299 | D:7      | Found an ornate altar of the Wu Jian Council.
  3308 | D:7      | Found a snail-covered altar of Cheibriados.
  3315 | D:7      | Found a stormy altar of Qazlal.
  3332 | D:7      | Noticed an orc warrior
  3343 | D:7      | Slain by an orc warrior

Illustrated notes

Levels and vault maps discovered:
D:1:      lemuel_arrival_lava_pool, layout_loops_ring,
          hellmonk_ecumenical_altar_pennies_from_heaven, st_stairs_8,
          minmay_heptomino_o4
D:2:      layout_basic, minmay_tree_intersection, kennysheep_big_empty_room
D:3:      layout_basic, minmay_misc_feat_square, minmay_joined_circles
D:4:      layout_loops_ring, mainiacjoe_overflow_brackets,
          minmay_temple_entry_drinking_statues
D:7:      layout_rooms, minmay_overflow_temple_star_hex

Skill      XL: |  1  2  3  4  5  6 |
---------------+-------------------+-----
Dodging        | 2 3 |  3.5
Stealth        | 1 2 3 |  3.2
Axes           | 3 4 |  4.1
Fighting       | 3 |  3.9
Spellcasting   | |  2.0
Conjurations   | |  3.0

Action                   |  1- 3 |  4- 6 || total
-------------------------+-------+-------++-------
Melee: Hand axe          |   170 |   156 ||   326
       Punch             |     2 |     1 ||     3
       Touch             |       |    17 ||    17
 Cast: Kiss of Death     |       |     1 ||     1
  Use: Scroll            |     3 |       ||     3
       Potion            |     1 |     6 ||     7
 Stab: Sleeping          |     2 |     5 ||     7
Armor: Leather armour    |    35 |    34 ||    69
Dodge: Dodged            |   139 |   130 ||   269

Table legend: (Time is in decaauts)
 A = Elapsed time spent in this place.
 B = Non-inter-level travel time spent in this place.
 C = Inter-level travel time spent in this place.
 D = Time resting spent in this place.
 E = Time spent auto-exploring this place.
 F = Levels seen in this place.
 G = Mean time per level.
                   A        B        C        D        E       F      G
               +--------+--------+--------+--------+--------+-----+--------+
         Total |   3393 |   3320 |     73 |    421 |   1891 |   5 |  678.6 |
       Dungeon |   3393 |   3320 |     73 |    421 |   1891 |   5 |  678.6 |
               +--------+--------+--------+--------+--------+-----+--------+

Top non-repeatable levels by time:
     D:2: 1264 daAuts
     D:3: 938 daAuts
     D:1: 804 daAuts
     D:4: 242 daAuts
     D:7: 142 daAuts
